 Dungeon Crawl Stone Soup version 0.27.1 (webtiles) character file.

Game seed: 6179748553991179582

12 Sabo the Skirmisher (level 2, 24/24 HPs)
             Began as a Demonspawn Fighter on Aug 24, 2021.
             Got out of the dungeon alive.
             The game lasted 00:01:36 (402 turns).

Sabo the Skirmisher (Demonspawn Fighter)             Turns: 402, Time: 00:01:37

Health: 24/24      AC:  6    Str: 16    XL:     2   Next: 20%
Magic:  2/2        EV:  6    Int:  9    God:
Gold:   23         SH:  8    Dex: 12    Spells: 1/1 levels left

rFire    . . .     SeeInvis .   a - +0 war axe
rCold    . . .     Faith    .   c - +0 kite shield
rNeg     . . .     Spirit   .   b - +0 scale mail
rPois    .         Reflect  .   (helmet restricted)
rElec    .         Harm     .   (no cloak)
rCorr    .         Rampage  .   (no gloves)
Will     .....                  (no boots)
Stlth    ..........             (no amulet)
HPRegen  0.08/turn              (no ring)
MPRegen  0.08/turn              (no ring)

@: no status effects
A: antennae 1
a: no special abilities


You escaped.
You visited 1 branch of the dungeon, and saw 1 of its levels.

You collected 23 gold pieces.

Inventory:

Hand Weapons
 a - a +0 war axe (weapon)
Missiles
 g - 17 arrows
Armour
 b - a +0 scale mail (worn)
 c - a +0 kite shield (worn)
Potions
 d - a potion of might
 e - a potion of ambrosia {unknown}
 f - a potion of degeneration {unknown}


   Skills:
 + Level 3.1 Fighting
 + Level 1.9 Axes
 + Level 2.9 Armour
 + Level 2.9 Shields


You had one spell level left.
You didn't know any spells.
Your spell library contained the following spells:

 Spells                   Type           Power      Damage    Failure   Level
 Inner Flame              Hex/Fire       0%         N/A       100%        3
 Cause Fear               Hex            0%         N/A       100%        4
 Discord                  Hex            0%         N/A       100%        8


Dungeon Overview and Level Annotations

Branches:
Dungeon (1/15)

Altars:


Innate Abilities, Weirdness & Mutations

You have a pair of small antennae on your head.


Message History

The goblin barely misses you. The goblin hits you but does no damage.
You miss the goblin.
The goblin is severely wounded.
You hit the goblin.
You kill the goblin!
You block the goblin's attack.
Your shield and scale mail prevent you from hitting the goblin.
The goblin is severely wounded.
The goblin hits you but does no damage. You block the goblin's attack.
You hit the goblin.
You kill the goblin!
You see here a +0 club.
Things that are here:
a +0 mace; a hobgoblin corpse You see here a +0 club.
As you open the door, it creaks loudly!
A frilled lizard comes into view.
The frilled lizard hisses angrily.
The frilled lizard moves out of view.
Found 23 gold pieces.
There is an open door here.
You closely miss the frilled lizard. You block the frilled lizard's attack.
The frilled lizard bites you but does no damage.
You miss the frilled lizard. The frilled lizard barely misses you.
The frilled lizard bites you but does no damage.
You slash the frilled lizard!
You kill the frilled lizard!
You now have 7 gold pieces.
You now have 23 gold pieces (gained 16).
You open the door.
Found a robe and 17 arrows.
Found a club.
Found a stone staircase leading down.
You see here 17 arrows.
g - 17 arrows
Found a spear.
There is an open door here.
There is a staircase leading out of the dungeon here.
Are you sure you want to leave the Dungeon?
This will make you lose the game!
You have escaped!

.#####...#.##########.#####.. .#
#...#. #.# .. #...#..#########.#
#.# #...#............# .. #.
.#....##+##...# #.# #...
#...#...# .. #..###.♣.###.#
#..#.......#.##########.
#..#.♣.@.♣.#............
#..#.......#............
#..###.♣.###............
#....#...#.............. ..
#....##'##..............
#####)###...............†.......
.....................÷)........
###..#..##.###....###........##..
.....##..#.###.##.# #........#


There were no monsters in sight!

Vanquished Creatures
  A bat (D:1)
  2 goblins (D:1)
  3 hobgoblins (D:1)
  2 quokkas (D:1)
  2 frilled lizards (D:1)
  A kobold (D:1)
11 creatures vanquished.

Notes
Turn   | Place    | Note
-------+----------+-------------------------------------------
     0 | D:1      | Sabo the Demonspawn Fighter began the quest for the Orb.
     0 | D:1      | Reached XP level 1. HP: 18/18 MP: 1/1
   210 | D:1      | Gained mutation: You have a pair of small antennae on your
                  | head. [demonic ancestry]
   210 | D:1      | Reached XP level 2. HP: 23/24 MP: 2/2
   402 | D:$      | Got out of the dungeon alive.

Illustrated notes

Levels and vault maps discovered:
D:1:      dpeg_arrival_simpleton_c, layout_basic, serial_shops,
          nicolae_square_shop, minmay_tetromino_i2

Action                   || total
-------------------------++-------
Melee: War axe           ||    32
Armor: Scale mail        ||    24
Dodge: Dodged            ||    10
Block: Kite shield       ||    27
